 Dungeon Crawl Stone Soup version 0.26.0-45-g9c1d065592 (webtiles) character file.

Game seed: 4254971085161063176

(classic levelgen) 38 thiole the Stinger (level 3, -1/24 HPs)
             Began as an Octopode Venom Mage on Jan 30, 2021.
             Slain by a gnoll
             ... wielding a +0 flail
              (9 damage)
             ... on level 3 of the Dungeon.
             The game lasted 00:01:25 (1476 turns).

thiole the Stinger (Octopode Venom Mage)            Turns: 1476, Time: 00:01:26

Health: -1/24      AC:  1    Str:  7    XL:     3   Next: 43%
Magic:  0/6        EV: 13    Int: 18    God:
Gold:   42         SH:  0    Dex: 12    Spells: 5/6 levels left

rFire    . . .     SeeInvis .   (no weapon)
rCold    . . .     Faith    .   (no shield)
rNeg     . . .     Spirit   .   (helmet restricted)
rPois    .         Reflect  .   (no amulet)
rElec    .         Harm     .   (no ring)
rCorr    .         Rampage  .   (no ring)
Will     .....                  (no ring)
Stlth    +++.......             (no ring)
HPRegen  0.08/turn              (no ring)
MPRegen  0.10/turn              (no ring)
                                (no ring)
                                (no ring)

@: no status effects
A: almost no armour, stealthy swim, amphibious, 8 rings, constrict 8, camouflage
1, gelatinous body 1
a: no special abilities


You were on level 3 of the Dungeon.
You visited 1 branch of the dungeon, and saw 3 of its levels.

You collected 42 gold pieces.

Inventory:

Jewellery
 b - an uncursed ring of wizardry {unknown}
Scrolls
 f - a scroll of remove curse {unknown}
Potions
 a - 2 potions of attraction {unknown}
 c - a potion of degeneration {unknown}
 d - a potion of resistance {unknown}
 e - a potion of haste {unknown}


   Skills:
 - Level 2.0 Fighting
 - Level 2.0 Dodging
 - Level 2.6 Stealth
 - Level 2.0 Spellcasting
 - Level 2.0 Transmutations
 + Level 0.0 Fire Magic
 - Level 4.0 Poison Magic


You had 5 spell levels left.
You knew the following spells:

 Your Spells              Type           Power        Failure   Level
a - Sting                 Tmut/Pois      48%          5%          1

Your spell library contained the following spells:

 Spells                   Type           Power        Failure   Level
 Poisonous Vapours        Pois/Air       18%          12%         2
 Ignite Poison            Fire/Tmut/Pois 9%           24%         3
 Mephitic Cloud           Conj/Pois/Air  6%           32%         3
 Olgreb's Toxic Radiance  Pois           16%          34%         4


Dungeon Overview and Level Annotations

Branches:
Dungeon (3/15)

Altars:


Innate Abilities, Weirdness & Mutations

You cannot wear most types of armour.
You are very stealthy in the water. (Stealth+)
You are amphibious.
You can wear up to eight rings at the same time.
You can use your tentacles to constrict eight enemies at once.
Your skin changes colour to match your surroundings (Stealth+).
Your rubbery body absorbs attacks. (AC +1, EV +1)


Message History

The sting hits the gnoll but does no damage.
The gnoll is poisoned.
The gnoll looks more healthy.
The gnoll looks more healthy.
There is a stone staircase leading down here.
The gnoll hits you with a +0 flail.
* * * LOW HITPOINT WARNING * * *
You climb downwards.
A leopard gecko comes into view.
Found four items.
There is a stone staircase leading up here.
Casting: Sting (safe; 5% risk of failure)
Confirm with . or Enter, or press ? or * to list all spells.
Aiming: Sting (safe; 5% risk of failure)
Press: ? - help, Shift-Dir - straight line, f - gnoll
Aim: a gnoll, wielding a +0 flail (moderately wounded, 25% to evade)
The sting hits the gnoll.
The gnoll is poisoned.
The gnoll is heavily wounded.
The gnoll hits you with a +0 flail!
You die...

#.## .# ##..
..# .... .? .
#....? .#
#..#l# ..#
#####..#.#.(.#
#............#
#.g......#
##@......#
#......##
#.#..#!#
#.#..# ..
#.#.... . ...
.#.. #.. ...##
#.. ###


You could see a gnoll (poisoned) and a leopard gecko (asleep).

Vanquished Creatures
  An ooze (D:1)
  2 dart slugs (D:1)
  A leopard gecko (D:1)
  A ball python (D:1)
  A giant cockroach (D:1)
  4 goblins (D:1)
  3 hobgoblins (D:1)
  3 jackals (D:2)
  4 bats (D:1)
  4 frilled lizards (D:1)
  2 kobolds (D:1)
26 creatures vanquished.

Notes
Turn   | Place    | Note
-------+----------+-------------------------------------------
     0 | D:1      | thiole the Octopode Venom Mage began the quest for the Orb.
     0 | D:1      | Reached XP level 1. HP: 11/11 MP: 3/3
   164 | D:1      | Reached skill level 4 in Poison Magic
   448 | D:1      | Reached skill level 1 in Fighting
   448 | D:1      | Reached XP level 2. HP: 18/18 MP: 1/5
  1038 | D:1      | Reached XP level 3. HP: 23/24 MP: 1/6
  1476 | D:3      | Slain by a gnoll

Illustrated notes

Levels and vault maps discovered:
D:1:      saegor_arrival_simple_d, layout_loops_ring, grunt_decor_fettered,
          st_stairs_5
D:2:      layout_basic, general_overflow_altar, minmay_misc_feat_nine_boxes
D:3:      layout_loops_cross, nicolae_ru_the_path_less_chosen

Skill      XL: |  1  2  3 |
---------------+----------+-----
Poison Magic   | 4 |  4.0
Fighting       | 1 2 |  2.0
Transmutations | 2 |  2.0
Dodging        | |  2.0
Stealth        | |  2.6
Spellcasting   | |  2.0

Action                   || total
-------------------------++-------
Melee: Unarmed           ||    30
       Tentacles         ||     4
       Constrict         ||     7
 Cast: Sting             ||    46
Armor: Skin              ||     2
Dodge: Dodged            ||    34
